PA
GALESBURG GUZZLERS @ PROVO MANGO
08/30/2032
 
TOP OF THE 1ST
Galesburg Guzzlers batting - Pitching for Provo Mango : RHP Dennis Blanchard
Pitching: RHP Dennis Blanchard
Batting: LHB Abiram Wahine 0-0: Called Strike
0-1: Called Strike
0-2: Strikes out swinging
Batting: RHB Daniel Carr 0-0: Called Strike
0-1: Ball
1-1: Ground out 4-3 (Groundball, 4)
Batting: LHB Henk van Aardschot 0-0: Fly out, F9 (Flyball, 9LSF)
Top of the 1st over - 0 runs, 0 hits, 0 errors, 0 left on base; Galesburg 0 - Provo 0
BOTTOM OF THE 1ST
Provo Mango batting - Pitching for Galesburg Guzzlers : RHP Bartolo Morales
Pitching: RHP Bartolo Morales
Batting: LHB Matt Palmer 0-0: Called Strike
0-1: Ground out 4-3 (Groundball, 34)
Batting: LHB Tom Haymon 0-0: Foul Ball, location: 2F
0-1: Called Strike
0-2: Ball
1-2: Ball
2-2: Foul Ball, location: 2F
2-2: Fly out, F7 (Flyball, 7S)
Batting: RHB Freedon Akinmoladun 0-0: Ball
1-0: Fly out, F9 (Flyball, 89S)
Bottom of the 1st over - 0 runs, 0 hits, 0 errors, 0 left on base; Galesburg 0 - Provo 0
TOP OF THE 2ND
Galesburg Guzzlers batting - Pitching for Provo Mango : RHP Dennis Blanchard
Batting: RHB Karl Wade 0-0: Swinging Strike
0-1: Ball
1-1: Foul Ball, location: 2F
1-2: Strikes out swinging
Batting: LHB Jared Swanson 0-0: Ball
1-0: Ground out U3 (Groundball, 34S)
Batting: RHB Fook Zhào 0-0: Called Strike
0-1: Ground out 5-3 (Groundball, 56S)
Top of the 2nd over - 0 runs, 0 hits, 0 errors, 0 left on base; Galesburg 0 - Provo 0
BOTTOM OF THE 2ND
Provo Mango batting - Pitching for Galesburg Guzzlers : RHP Bartolo Morales
Batting: LHB Juan Ramírez 0-0: Ground out 4-3 (Groundball, 4)
Batting: RHB Alfonso Cabedo 0-0: Ground out 5-3 (Groundball, 56)
Batting: RHB Rocky Zolman 0-0: SINGLE (Flyball, 89M)
Batting: RHB Daniel Woods 0-0: Ball
1-0: Called Strike
Pickoff Throw to First - Error! E1
Rocky Zolman to second
1-1: Ground out 3-1 (Groundball, 34)
Bottom of the 2nd over - 0 runs, 1 hit, 1 error, 1 left on base; Galesburg 0 - Provo 0
TOP OF THE 3RD
Galesburg Guzzlers batting - Pitching for Provo Mango : RHP Dennis Blanchard
Batting: RHB Jack Stidston 0-0: Called Strike
0-1: Called Strike
0-2: Ball
1-2: Ball
2-2: Ball
3-2: Base on Balls
Batting: RHB Pacu Martic 0-0: Ball
1-0: Swinging Strike
1-1: Ball
2-1: Foul Ball, location: 2F
2-2: Strikes out swinging
Batting: RHB Manny Diéguez 0-0: Ball
1-0: Called Strike
1-1: Called Strike
1-2: Ground out 4-3 (Groundball, 4)
Jack Stidston to second
Batting: LHB Abiram Wahine 0-0: Foul Ball, location: 2F
0-1: Ball
1-1: SINGLE (Line Drive, 7LS)
Jack Stidston to third
Runner from 3rd tries for Home, SAFE, throw made home
Batting: RHB Daniel Carr 0-0: Ball
1-0: Swinging Strike
1-1: Ball
2-1: Called Strike
2-2: Ball
3-2: Ground out 5-3 (Groundball, 56)
Top of the 3rd over - 1 run, 1 hit, 0 errors, 1 left on base; Galesburg 1 - Provo 0
BOTTOM OF THE 3RD
Provo Mango batting - Pitching for Galesburg Guzzlers : RHP Bartolo Morales
Batting: RHB Martin van Veldhuizen 0-0: Called Strike
0-1: Ball
1-1: Foul Ball, location: 2F
1-2: Foul Ball, location: 2F
1-2: Ball
2-2: Fly out, F9 (Flyball, 9S)
Batting: LHB Bartolo Vega 0-0: Ground out 6-3 (Groundball, 6)
Batting: LHB Matt Palmer 0-0: Ball
1-0: Called Strike
1-1: SINGLE (Line Drive, 7LS)
Batting: LHB Tom Haymon 0-0: Called Strike
Matt Palmer steals 2nd base
0-1: Ball
1-1: Foul Ball, location: 2F
1-2: SINGLE (Line Drive, 3D)
Matt Palmer to third
Runner from 3rd tries for Home, SAFE, throw made home
Tom Haymon to second
Batting: RHB Freedon Akinmoladun 0-0: Foul Ball, location: 2F
0-1: Ball
1-1: Foul Ball, location: 2F
1-2: Fly out, F8 (Flyball, 8LS)
Bottom of the 3rd over - 1 run, 2 hits, 0 errors, 1 left on base; Galesburg 1 - Provo 1
TOP OF THE 4TH
Galesburg Guzzlers batting - Pitching for Provo Mango : RHP Dennis Blanchard
Batting: LHB Henk van Aardschot 0-0: Called Strike
0-1: Foul Ball, location: 2F
0-2: Strikes out swinging
Batting: RHB Karl Wade 0-0: Ball
1-0: Foul Ball, location: 2F
1-1: Called Strike
1-2: Strikes out swinging
Batting: LHB Jared Swanson 0-0: Fly out, F7 (Flyball, 7D)
Top of the 4th over - 0 runs, 0 hits, 0 errors, 0 left on base; Galesburg 1 - Provo 1
BOTTOM OF THE 4TH
Provo Mango batting - Pitching for Galesburg Guzzlers : RHP Bartolo Morales
Batting: LHB Juan Ramírez 0-0: Ball
1-0: Swinging Strike
1-1: Called Strike
1-2: Fly out, F6 (Popup, 4M)
Batting: RHB Alfonso Cabedo 0-0: Called Strike
0-1: Called Strike
0-2: Ball
1-2: SINGLE (Groundball, 56D)
Batting: RHB Rocky Zolman 0-0: Called Strike
0-1: Fly out, F7 (Flyball, 78S)
Batting: RHB Daniel Woods 0-0: Ball
1-0: Swinging Strike
1-1: Foul Ball, location: 2F
1-2: Foul Ball, location: 2F
1-2: Ball
2-2: Ball
3-2: Strikes out swinging
Bottom of the 4th over - 0 runs, 1 hit, 0 errors, 1 left on base; Galesburg 1 - Provo 1
TOP OF THE 5TH
Galesburg Guzzlers batting - Pitching for Provo Mango : RHP Dennis Blanchard
Batting: RHB Fook Zhào 0-0: Ball
1-0: Ball
2-0: Ball
3-0: Base on Balls
Batting: RHB Jack Stidston 0-0: Ball
1-0: Called Strike
1-1: Grounds into double play, 5-4-3 (Groundball, 56)
Batting: RHB Pacu Martic 0-0: Called Strike
0-1: Ground out 5-3 (Groundball, 56S)
Top of the 5th over - 0 runs, 0 hits, 0 errors, 0 left on base; Galesburg 1 - Provo 1
BOTTOM OF THE 5TH
Provo Mango batting - Pitching for Galesburg Guzzlers : RHP Bartolo Morales
Batting: RHB Martin van Veldhuizen 0-0: Ball
1-0: Foul Ball, location: 2F
1-1: Ball
2-1: Ground out 4-3 (Groundball, 4)
Batting: LHB Bartolo Vega 0-0: Swinging Strike
0-1: Fly out, F6 (Flyball, 56D)
Batting: LHB Matt Palmer 0-0: Called Strike
0-1: Ball
1-1: SINGLE (Groundball, 34D)
Batting: LHB Tom Haymon 0-0: Ball
1-0: Foul Ball, location: 2F
1-1: Swinging Strike
1-2: Ball
2-2: Strikes out swinging
Bottom of the 5th over - 0 runs, 1 hit, 0 errors, 1 left on base; Galesburg 1 - Provo 1
TOP OF THE 6TH
Galesburg Guzzlers batting - Pitching for Provo Mango : RHP Dennis Blanchard
Batting: RHB Manny Diéguez 0-0: Ground out 6-3 (Groundball, 6)
Batting: LHB Abiram Wahine 0-0: Ground out U3 (Groundball, 3L)
Batting: RHB Daniel Carr 0-0: Ground out 5-3 (Groundball, 56)
Top of the 6th over - 0 runs, 0 hits, 0 errors, 0 left on base; Galesburg 1 - Provo 1
BOTTOM OF THE 6TH
Provo Mango batting - Pitching for Galesburg Guzzlers : RHP Bartolo Morales
Batting: RHB Freedon Akinmoladun 0-0: Ball
1-0: Foul Ball, location: 2F
1-1: Ball
2-1: Called Strike
2-2: Ball
3-2: Base on Balls
Batting: LHB Juan Ramírez 0-0: Called Strike
0-1: Ball
1-1: Ball
2-1: Foul Ball, location: 2F
2-2: Foul Ball, location: 2F
2-2: SINGLE (Groundball, 6MD)
Freedon Akinmoladun to second
Batting: RHB Alfonso Cabedo 0-0: Foul Ball, location: 2F
0-1: Ball
1-1: Fly out, F8 (Flyball, 8LS)
Batting: RHB Rocky Zolman 0-0: Fly out, F4 (Flyball, 4D)
Batting: RHB Daniel Woods 0-0: Swinging Strike
0-1: Fly out, F9 (Flyball, 9D)
Bottom of the 6th over - 0 runs, 1 hit, 0 errors, 2 left on base; Galesburg 1 - Provo 1
TOP OF THE 7TH
Galesburg Guzzlers batting - Pitching for Provo Mango : RHP Dennis Blanchard
Batting: LHB Henk van Aardschot 0-0: Ball
1-0: Ball
2-0: Swinging Strike
2-1: Called Strike
2-2: Strikes out looking
Batting: RHB Karl Wade 0-0: Foul Ball, location: 2F
0-1: Called Strike
0-2: Ball
1-2: Ball
2-2: Strikes out swinging
Batting: LHB Jared Swanson 0-0: Ball
1-0: Foul Ball, location: 2F
1-1: Foul Ball, location: 2F
1-2: Hit by Pitch
Batting: RHB Fook Zhào 0-0: Foul Ball, location: 2F
0-1: Ball
1-1: Fly out, F7 (Flyball, 7LS)
Top of the 7th over - 0 runs, 0 hits, 0 errors, 1 left on base; Galesburg 1 - Provo 1
BOTTOM OF THE 7TH
Provo Mango batting - Pitching for Galesburg Guzzlers : RHP Bartolo Morales
Batting: RHB Martin van Veldhuizen 0-0: Foul Ball, location: 2F
0-1: Ball
1-1: Swinging Strike
1-2: Ball
2-2: Ball
3-2: DOUBLE (Line Drive, 7LM)
Batting: LHB Bartolo Vega 0-0: Swinging Strike
0-1: Ball
1-1: Called Strike
1-2: Ball
2-2: Foul Ball, location: 2F
2-2: Ball
3-2: Foul Ball, location: 2F
3-2: Foul Ball, location: 2F
3-2: Foul Ball, location: 2F
3-2: SINGLE (Flyball, 7S)
Martin van Veldhuizen to third
Pitching: RHP Ricardo Pérez
Batting: LHB Matt Palmer 0-0: Ball
1-0: Foul Ball, location: 2F
1-1: Foul Ball, location: 2F
1-2: Strikes out swinging
Batting: LHB Tom Haymon 0-0: Called Strike
0-1: Ball
Wild Pitch!
Martin van Veldhuizen scores
Bartolo Vega to second
1-1: Called Strike
1-2: SINGLE (Flyball, 89M)
Bartolo Vega to third
Batting: RHB Freedon Akinmoladun 0-0: Called Strike
0-1: Ball
1-1: Fly out, F7 (Flyball, 78D)
Runner from 3rd tags up, SCORES, throw made
Batting: LHB Juan Ramírez 0-0: Ball
1-0: Ball
2-0: Foul Ball, location: 2F
2-1: Ball
3-1: Foul Ball, location: 2F
3-2: Base on Balls
Tom Haymon to second
Batting: RHB Alfonso Cabedo 0-0: Ball
1-0: Foul Ball, location: 2F
1-1: DOUBLE (Line Drive, 7D)
Tom Haymon scores
Juan Ramírez to third
Runner from 3rd tries for Home, SAFE, no throw
Batting: RHB Rocky Zolman 0-0: Foul Ball, location: 2F
0-1: Swinging Strike
0-2: Ball
1-2: Strikes out looking
Bottom of the 7th over - 4 runs, 4 hits, 0 errors, 1 left on base; Galesburg 1 - Provo 5
TOP OF THE 8TH
Galesburg Guzzlers batting - Pitching for Provo Mango : RHP Dennis Blanchard
Batting: RHB Jack Stidston 0-0: Foul Ball, location: 2F
0-1: Ball
1-1: Ball
2-1: Foul Ball, location: 2F
2-2: Foul Ball, location: 2F
2-2: Strikes out looking
Batting: RHB Pacu Martic 0-0: Ball
1-0: Called Strike
1-1: Called Strike
1-2: Ball
2-2: Ball
3-2: Strikes out swinging
Batting: RHB Manny Diéguez 0-0: Fly out, F3 (Popup, 3)
Top of the 8th over - 0 runs, 0 hits, 0 errors, 0 left on base; Galesburg 1 - Provo 5
BOTTOM OF THE 8TH
Provo Mango batting - Pitching for Galesburg Guzzlers : RHP Ricardo Pérez
Batting: RHB Daniel Woods 0-0: Called Strike
0-1: Foul Ball, location: 2F
0-2: Foul Ball, location: 2F
0-2: Ball
1-2: Strikes out looking
Batting: RHB Martin van Veldhuizen 0-0: Ball
1-0: Called Strike
1-1: Swinging Strike
1-2: Strikes out swinging
Batting: LHB Bartolo Vega 0-0: SINGLE (Flyball, 7LS)
Batting: LHB Matt Palmer 0-0: Called Strike
0-1: Ball
1-1: Foul Ball, location: 2F
1-2: Strikes out swinging
Bottom of the 8th over - 0 runs, 1 hit, 0 errors, 1 left on base; Galesburg 1 - Provo 5
TOP OF THE 9TH
Galesburg Guzzlers batting - Pitching for Provo Mango : RHP Dennis Blanchard
Batting: LHB Abiram Wahine 0-0: Ball
1-0: Ball
2-0: Foul Ball, location: 2F
2-1: Foul Ball, location: 2F
2-2: Ground out U3 (Groundball, 3)
Batting: RHB Daniel Carr 0-0: Swinging Strike
0-1: Called Strike
0-2: Ball
1-2: Foul Ball, location: 2F
1-2: Fly out, F4 (Line Drive, 4)
Batting: LHB Henk van Aardschot 0-0: Ball
1-0: Called Strike
1-1: SINGLE (Groundball, 34S) (infield hit)
Batting: RHB Karl Wade 0-0: Called Strike
0-1: Foul Ball, location: 2F
0-2: Strikes out looking
Top of the 9th over - 0 runs, 1 hit, 0 errors, 1 left on base; Galesburg 1 - Provo 5
Wednesday, September 19th, 2018 - OOTP Baseball 18.8 Build 76